 Dungeon Crawl Stone Soup version 0.29.0-11-gd7f09526c8 (webtiles) character file.

Game seed: 15453071643187233416

326374 iguanaiguana the Tortoise (level 20, -1/191 HPs)
             Began as a Minotaur Fighter on Sept 6, 2022.
             Was an Elder of Okawaru.
             Killed from afar by a golden dragon (37 damage)
             ... with a bolt of cold
             ... in the Arena.
             The game lasted 01:29:58 (46159 turns).

iguanaiguana the Tortoise (Minotaur Fighter)       Turns: 46159, Time: 01:29:58

Health: -1/191     AC: 60    Str: 28    XL:     20   Next: 37%
Magic:  0/29       EV: 13    Int:  9    God:    Okawaru [****..]
Gold:   1757       SH: 24    Dex: 14    Spells: 19/19 levels left

rFire   + . .      SeeInvis .   b - +8 broad axe (protect)
rCold   . . .      Faith    .   J - +0 tower shield {AC+3}
rNeg    + . .      Spirit   +   y - +9 crystal plate armour {ponderous}
rPois   +          Reflect  .   H - +0 hat "Cafi" {rElec}
rElec   +          Harm     .   G - +1 cloak {rCorr}
rCorr   +          Rampage  .   U - +2 pair of gloves {hurl}
Will    +++..      Clarity  +   t - +2 pair of boots
Stlth   ..........              M - amulet "Gepiysyi" {Spirit rPois rF+ Will+ Dex+4}
HPRegen 0.41/turn               N - +4 ring of slaying
MPRegen 0.21/turn               o - ring "Rafy" {rN+ Will+ EV+4}

@: mighty, heroic, finesse-ful, under a protective aura, studying 2 skills,
duelling, slow
A: horns 2, retaliatory headbutt, clarity, clever 1, wild magic 1
}: 3/15 runes: barnacled, slimy, gossamer
a: Renounce Religion, Heroism, Finesse


You were in the Arena.
You worshipped Okawaru.
Okawaru was greatly pleased with you.
You visited 9 branches of the dungeon, and saw 43 of its levels.
You visited the Abyss 1 time.
You also visited: Sewer, Bailey and Gauntlet.

You collected 3074 gold pieces.
You spent 1317 gold pieces at shops.

Inventory:

Hand Weapons
 a - a +2 morningstar of flaming
 b - a +8 broad axe of protection (weapon)
Missiles
 e - 2 javelins
 j - 8 silver javelins
 u - 7 curare-tipped darts
 B - 3 silver boomerangs (quivered)
 Q - 10 throwing nets
Armour
 t - a +2 pair of boots (worn)
 y - a +9 crystal plate armour of ponderousness (worn)
 G - a +1 cloak of preservation (worn)
 H - the +0 hat "Cafi" (worn) {rElec}
   (Okawaru gifted it to you on level 5 of the Lair of Beasts)

   rElec:     It insulates you from electricity.
 J - a +0 tower shield of protection (worn)
 U - a +2 pair of gloves of hurling (worn)
Magical Staves
 Y - a staff of conjuration
Jewellery
 k - a ring of resist corrosion
 o - the ring "Rafy" (right hand) {rN+ Will+ EV+4}
   (You found it on level 5 of the Pits of Slime)

   [ring of evasion]

   EV:        It affects your evasion (+4).
   rN:        It protects you from negative energy.
   Will:      It increases your willpower.
 p - a ring of see invisible
 s - the ring "Idiatolu" {Ice rN+ Str+3 Stlth+}
   (You found it on level 11 of the Dungeon)

   [ring of ice]

   It enhances your ice magic.
   Str:       It affects your strength (+3).
   rF:        It makes you vulnerable to fire.
   rC:        It protects you from cold.
   rN:        It protects you from negative energy.
   Stlth:     It makes you more stealthy.
 M - the amulet "Gepiysyi" (around neck) {Spirit rPois rF+ Will+ Dex+4}
   (You found it on level 2 of the Lair of Beasts)

   [amulet of guardian spirit]

   It causes incoming damage to be divided between your reserves of health and
   magic.
   Dex:       It affects your dexterity (+4).
   rF:        It protects you from fire.
   rPois:     It protects you from poison.
   Will:      It increases your willpower.
 N - a +4 ring of slaying (left hand)
 V - a ring of protection from fire
 W - the ring of Pride {Will+ Dex+6}
   (You found it in a Gauntlet)

   [ring of dexterity]

   Dex:       It affects your dexterity (+6).
   Will:      It increases your willpower.
Wands
 v - a wand of iceblast (10) {@v2}
 A - a wand of paralysis (6)
 E - a wand of mindburst (58)
 K - a wand of flame (54)
 S - a wand of digging (9) {@v3}
 T - a wand of acid (20) {@v1}
Scrolls
 n - a scroll of amnesia
 q - 9 scrolls of teleportation {@r3}
 r - 4 scrolls of fear
 w - 5 scrolls of blinking {@r4}
 z - 2 scrolls of poison
 F - 3 scrolls of magic mapping {@r5}
 I - 4 scrolls of vulnerability
 R - 6 scrolls of immolation
 Z - a scroll of silence
Potions
 d - 2 potions of might {@q3}
 f - 8 potions of attraction
 g - 4 potions of haste {@q4}
 h - a potion of berserk rage
 i - a potion of cancellation
 m - 8 potions of curing {@q1}
 x - a potion of ambrosia
 D - 6 potions of lignification
 O - 3 potions of magic
 P - 6 potions of mutation
 X - 2 potions of resistance {@q5}
Miscellaneous
 c - a tin of tremorstones (2/2)
 l - a phial of floods
 L - a lightning rod (4/4)


   Skills:
 + Level 19.1(24.1) Fighting
 - Level 18.0(23.0) Axes
 - Level 16.0(21.0) Throwing
 - Level 20.0(25.0) Armour
 - Level 20.0(25.0) Shields
 - Level 14.0 Invocations
 - Level 8.0 Evocations


You had 19 spell levels left.
You didn't know any spells.
Your spell library contained the following spells:

 Spells                   Type           Power      Damage    Failure   Level
 Magic Dart               Conj           0%         1d3       99%         1
 Mephitic Cloud           Conj/Pois/Air  0%         N/A       100%        3
 Stone Arrow              Conj/Erth      0%         3d7       100%        3
 Lehudib's Crystal Spear  Conj/Erth      0%         10d2      100%        8
 Call Imp                 Summ           Unusable   N/A       N/A         2
 Animate Armour           Summ/Erth      Unusable   N/A       N/A         4

Dungeon Overview and Level Annotations

Branches:
Dungeon (15/15) Zot: 25272  Temple (1/1) D:6 Zot: 5761    Lair (5/5) D:9 Zot: 19803
 Shoals (4/4) Lair:2 Zot: 21205  Spider (4/4) Lair:2 Zot: 20493   Slime (5/5) Lair:5 Zot: 24404
    Orc (2/2) D:12 Zot: 9937     Elf (0/3) Orc:2        Vaults (0/5) D:13
 Depths (4/4) D:15 Zot: 20753     Zot (3/5) Depths:4 Zot: 13686   Sewer (visited)
 Bailey (visited)         Gauntlet (visited)

Altars:
Ashenzari
Cheibriados
Dithmenos
Elyvilon
Fedhas
Gozag
Hepliaklqana
Kikubaaqudgha
Makhleb
Nemelex Xobeh
Okawaru
Qazlal
Ru
Sif Muna
Trog
Uskayaw
Vehumet
Wu Jian
Xom
Yredelemnul
Zin
The Shining One
Jiyva

Shops:
D:11 *   D:13 *   Orc:2 !*:([

Portals:
Hell: Depths:1 Depths:4
Ziggurat: Depths:4
Trove: D:12 (give +6 demon trident)

Annotations:
D:3 3 runed translucent doors, Iusername's ghost, amateur MiFi
Lair:2 3 runed translucent doors, Vynuph's ghost, journeyman TrDe
Spider:3 1 transporter, Ikly's ghost, journeyman GrFi
Slime:5 1 exclusion
Depths:1 1 exclusion


Innate Abilities, Weirdness & Mutations

You have a pair of horns on your head.
You reflexively headbutt those who attack you in melee.
You possess an exceptional clarity of mind.
Your mind is acute. (Int +4, Str/Dex -1)
Your spells are a little harder to cast, but a little more powerful.


Message History

You kill the moth of wrath!
The storm dragon rages. a +0 war axe; a black draconian corpse You slash the storm dragon!
The storm dragon is lightly wounded.
You slice the storm dragon!!
The storm dragon is moderately wounded.
You barely miss the storm dragon.
The storm dragon is moderately wounded.
Okay, then.
You slash the storm dragon!
The storm dragon is moderately wounded.
You slice the storm dragon!!
The storm dragon is heavily wounded.
You slice the storm dragon!!
The storm dragon is severely wounded.
You slash the storm dragon!
The storm dragon is almost dead.
You slice the storm dragon!!
You kill the storm dragon!
Aiming: Duel (2% risk of failure)
Press: ? - help, Dir - move target, f - golden dragon
Aim: a golden dragon You enter into single combat with the golden dragon!
The world spins around you as you enter the gateway.
You enter Okawaru's Arena!
Reactivating autopickup.
You can no longer enter into single combat with a foe.
Okawaru will no longer gift you equipment.
The spectator shouts! x8
Found a gate leading back out of this place.
There is an empty arch of ancient stone here.
Okay, then.
Okay, then.
You slice the golden dragon!!
The golden dragon is moderately wounded.
The golden dragon breathes cold at you. The bolt of cold hits you!!!
You die...
Okawaru crowns the golden dragon victorious!

###########
#.p.▓∩▓.p.# ##
▓▓▓▓▓▓▓▓▓ ##
#.▓ ....... ▓.#
#p▓.#.....#.▓p#
#.▓.........▓.#
#▓▓.........▓▓#
#p▓...D@....▓p#
#▓▓.........▓▓#
#.▓.........▓.#
#p▓.#.....#.▓p#
#.▓ ....... ▓.#
## ▓▓▓▓▓▓▓▓▓ ##
#.p.▓p▓.p.#
###########


You could see a golden dragon (catching breath).

Vanquished Creatures
  the Royal Jelly (Slime:5)
  2 Killer Klowns (Zot:2)
  A curse toe (Zot:2)
  4 golden dragons
  A bone dragon (Depths:4)
  2 electric golems
  the Enchantress (Depths:1)
  Mlioglotl (Spider:4)
  9 tentacled monstrosities
  2 walking earthen tomes
  14 acid blobs
  3 death cobs (Zot:2)
  Frances (Arena)
  A tentacled starspawn (Abyss:4)
  5 quicksilver dragons
  Kirke (Shoals:3)
  A sphinx (Depths:3)
  4 shadow dragons
  2 draconian monks (Zot:1)
  4 storm dragons
  3 fire giants
  6 azure jellies
  A draconian knight (Zot:1)
  6 rockslimes
  4 ghost moths
  2 draconian scorchers (Zot:2)
  An orc warlord (Orc:2)
  8 draconian shifters
  3 frost giants
  2 emperor scorpions
  4 angels (Zot:2)
  Louise (Spider:4)
  A draconian stormcaller (Zot:2)
  3 draconian annihilators
  5 stone giants
  11 quicksilver oozes
  3 spriggan defenders (Depths:1)
  19 very ugly things
  7 green draconians
  Nessos (D:15)
  2 red draconians
  8 yellow draconians
  4 purple draconians
  4 black draconians
  3 white draconians (Zot:1)
  2 dire elephants
  A minotaur (Gauntlet)
  6 spark wasps
  Snorg (D:12)
  5 fire dragons
  4 ettins
  8 merfolk impalers
  3 merfolk javelineers (Shoals:4)
  8 great orbs of eyes
  A rakshasa (Depths:2)
  Harold (Lair:2)
  4 vault guards (D:13)
  A yaktaur captain (Depths:4)
  5 boulder beetles
  7 hydras
  A catoblepas (Arena)
  2 spriggan air magi
  A death knight (D:15)
  3 ice dragons
  3 radroaches (Spider:4)
  2 merfolk avatars (Shoals:4)
  7 centaur warriors
  2 merfolk aquamancers (Shoals:4)
  2 anacondas (Lair:3)
  2 two-headed ogres
  A deep troll shaman (Depths:2)
  2 vampire magi
  2 tengu warriors
  3 orc high priests
  8 spriggan berserkers
  Sonja (D:12)
  3 hell knights (Depths:2)
  2 pharaoh ants
  2 iron trolls (Depths:2)
  A spark wasp zombie (Depths:1)
  A sun moth (Spider:4)
  2 sea snakes (Shoals:4)
  4 steelbarb worms
  3 deep trolls
  2 orb spiders (Spider:4)
  2 glowing orange brains
  An orange crystal statue (Gauntlet)
  A wizard (Depths:2)
  2 harpies (Shoals:4)
  6 necromancers
  7 orc knights
  A golden dragon skeleton (Depths:1)
  A lindwurm (Lair:5)
  12 wolf spiders
  3 shining eyes
  4 orc sorcerers
  10 manticores
  20 ugly things
  7 cyclopes
  7 black mambas
  20 elephants
  4 water nymphs (Shoals:4)
  10 merfolk sirens
  An orange demon (D:12)
  3 eyes of devastation
  A smoke demon (D:12)
  3 molten gargoyles (Lair:5)
  17 moths of wrath
  A torpor snail (Spider:3)
  10 cane toads
  A gargoyle (D:12)
  An ice statue (Lair:5)
  Maggie (D:7)
  4 rime drakes
  3 kobold demonologists (D:12)
  An efreet (D:13)
  5 yaktaurs (D:15)
  4 tengu conjurers (D:15)
  7 demonic crawlers
  A freezing wraith (Lair:5)
  An ice devil (Abyss:2)
  15 komodo dragons
  3 catoblepas skeletons (Abyss:3)
  A hellwing (D:12)
  13 merfolk
  5 trolls
  4 polar bears
  9 meliai
  5 hornets
  10 dream sheep
  6 snapping turtles
  19 tarantellas
  4 wind drakes
  13 blink frogs
  48 slime creatures
  Prince Ribbit (D:5)
  14 jumping spiders
  3 large abominations
  2 ynoxinuls (Abyss:4)
  4 water elementals
  4 wyverns
  20 culicivoras
  3 spriggans
  10 basilisks
  6 hogs
  26 yaks
  4 wraiths
  17 humans (D:13)
  A steam dragon (D:8)
  30 redbacks
  A spriggan simulacrum (Depths:1)
  A chaos spawn (D:12)
  7 vampire mosquitoes
  A warg (Orc:1)
  An acid dragon (D:12)
  11 water moccasins
  4 hell hounds (Lair:5)
  50 orc warriors
  9 ice beasts
  5 black bears
  Pargi (Sewer)
  4 sky beasts
  12 centaurs
  14 ogres
  5 wolves
  A phantom (D:6)
  7 kobold brigands
  3 earth elementals (Abyss:3)
  8 gnoll sergeants
  8 bullfrogs
  4 necrophages
  9 killer bees
  5 electric eels
  5 howler monkeys
  4 lava snakes (Lair:5)
  6 hounds
  2 gnoll boudas
  Crazy Yiuf (D:6)
  2 jellies
  28 orc priests
  5 iguanas
  38 orc wizards
  20 gnolls
  9 adders
  A shadow imp (D:7)
  2 white imps
  2 ufetubi
  3 dart slugs
  124 orcs
  10 endoplasms
  4 giant cockroaches
  14 goblins
  12 hobgoblins
  3 jackals (D:3)
  5 ball pythons
  5 bats
  3 frilled lizards
  26 kobolds
  2 rats
  A butterfly (Zot:2)
1282 creatures vanquished.

Vanquished Creatures (others)
  A yellow draconian (Zot:1)
  2 wizards
  A quokka (D:4)
  4 demonic plants
  25 fungi
  5 pillars of salt (Zot:2)
  47 plants
  A starspawn tentacle (Abyss:4)
86 creatures vanquished.

Grand Total: 1368 creatures vanquished

Notes
Turn   | Place    | Note
-------+----------+-------------------------------------------
     0 | D:1      | iguanaiguana the Minotaur Fighter began the quest for the
                  | Orb.
     0 | D:1      | Reached XP level 1. HP: 19/19 MP: 0/0
   183 | D:1      | Reached XP level 2. HP: 27/27 MP: 1/1
   535 | D:2      | Identified the +4 war axe of Woe {venom, rCorr Str+2}
   618 | D:2      | Reached XP level 3. HP: 31/33 MP: 2/2
   840 | D:2      | Found a faded altar of an unknown god.
   930 | D:3      | Found a runed translucent gate.
   966 | D:3      | Reached XP level 4. HP: 29/40 MP: 3/3
  1238 | D:3      | Reached XP level 5. HP: 37/47 MP: 4/4
  1269 | D:3      | Found a glowing drain.
  1278 | Sewer    | Entered a sewer
  1447 | Sewer    | Noticed Pargi
  1451 | Sewer    | Killed Pargi
  1452 | Sewer    | Reached skill level 5 in Axes
  1452 | Sewer    | Reached XP level 6. HP: 39/55 MP: 5/5
  1746 | D:3      | Found a runed translucent gate.
  1750 | D:3      | Found a runed translucent gate.
  1788 | D:3      | Noticed Iusername's ghost (amateur MiFi)
  1917 | D:4      | Reached skill level 5 in Fighting
  1917 | D:4      | Reached skill level 5 in Armour
  1917 | D:4      | Reached skill level 5 in Shields
  2636 | D:4      | Found a white marble altar of Elyvilon.
  2687 | D:4      | Reached skill level 1 in Throwing
  2798 | D:4      | Reached XP level 7. HP: 61/61 MP: 6/6
  3084 | D:5      | Entered Level 5 of the Dungeon
  3466 | D:5      | Noticed Prince Ribbit
  3474 | D:5      | Killed Prince Ribbit
  3475 | D:5      | Reached XP level 8. HP: 56/70 MP: 7/7
  4179 | D:6      | Found a staircase to the Ecumenical Temple.
  4197 | Temple   | Entered the Ecumenical Temple
  4437 | D:6      | Identified the +4 dagger of Equivalence {freeze, rC++
                  | Will+++ Dex+3}
  4594 | D:6      | Found a shadowy altar of Dithmenos.
  4679 | D:6      | Found a sparkling altar of Nemelex Xobeh.
  4803 | D:6      | Found a runed translucent door.
  4804 | D:6      | Noticed Crazy Yiuf
  4924 | D:6      | Reached XP level 9. HP: 78/78 MP: 8/8
  5191 | D:6      | Found a shimmering altar of Xom.
  5330 | D:6      | Killed Crazy Yiuf
  6106 | D:7      | Reached skill level 10 in Axes
  6180 | D:7      | Noticed Maggie
  6208 | D:7      | Killed Maggie
  6922 | D:8      | Reached skill level 5 in Throwing
  6922 | D:8      | Reached XP level 10. HP: 88/88 MP: 9/9
  8358 | D:9      | Found a staircase to the Lair.
  8802 | D:9      | Identified the +6 scale mail of Jeshraony {rPois rF- Str+3
                  | Int+6}
  9242 | D:10     | Entered Level 10 of the Dungeon
  9266 | D:10     | Found a bloodstained altar of Trog.
  9339 | D:10     | Found a flagged portal.
  9360 | Bailey   | Entered a bailey
  9608 | Bailey   | Acquired a manual of Axes
  9732 | Bailey   | Found an iron altar of Okawaru.
  9732 | Bailey   | Noticed an orc sorcerer
  9732 | Bailey   | Noticed an orc high priest
  9740 | Bailey   | Killed an orc high priest
  9741 | Bailey   | Reached XP level 11. HP: 86/97 MP: 10/10
  9746 | Bailey   | Killed an orc sorcerer
  9750 | Bailey   | Became a worshipper of Warmaster Okawaru
  9759 | Bailey   | Identified the +4 scimitar of Tetihuesi {vorpal, rPois rC+
                  | Will- Dex+4}
  9775 | Bailey   | Identified the +2 pair of gloves of the Minstrel {Dex+4
                  | Stlth+}
  9845 | Bailey   | Noticed an orc knight
  9864 | Bailey   | Killed an orc knight
  9865 | Bailey   | Reached skill level 1 in Invocations
  9950 | Bailey   | Reached skill level 1 in Evocations
 10366 | D:10     | Noticed a two-headed ogre
 10372 | D:10     | Killed a two-headed ogre
 10372 | D:10     | Reached * piety under Okawaru
 10522 | D:10     | Found a stormy altar of Qazlal.
 10526 | D:10     | Found a burning altar of Makhleb.
 10577 | D:10     | Found an iron altar of Okawaru.
 11064 | Lair:1   | Entered Level 1 of the Lair of Beasts
 11574 | Lair:1   | Reached ** piety under Okawaru
 11717 | Lair:1   | Reached skill level 15 in Axes
 12687 | Lair:2   | Found a runed translucent gate.
 12687 | Lair:2   | Found a runed translucent gate.
 12687 | Lair:2   | Found a runed translucent gate.
 12687 | Lair:2   | Noticed an 11-headed hydra
 12687 | Lair:2   | Noticed Vynuph's ghost (journeyman TrDe)
 12719 | Lair:2   | Found a staircase to the Shoals.
 12719 | Lair:2   | Noticed Harold
 12729 | Lair:2   | Killed Harold
 12729 | Lair:2   | Reached *** piety under Okawaru
 12895 | Lair:2   | Found a gate leading to a gauntlet.
 12908 | Lair:2   | Reached skill level 5 in Invocations
 12936 | Gauntlet | Entered a Gauntlet
 12936 | Gauntlet | Found a transporter.
 12939 | Gauntlet | Found a transporter.
 12939 | Gauntlet | Noticed an orange crystal statue
 12955 | Gauntlet | Found a transporter.
 12959 | Gauntlet | Found a transporter.
 12970 | Gauntlet | Noticed a death yak
 12971 | Gauntlet | Noticed a death yak
 12973 | Gauntlet | Noticed a death yak
 12976 | Gauntlet | Noticed a necromancer
 12979 | Gauntlet | Found a transporter.
 12991 | Gauntlet | Found the ring of Shadows {Umbra +Inv Stlth+}
 12992 | Gauntlet | Found a transporter.
 12993 | Gauntlet | Noticed a wizard
 12994 | Gauntlet | Noticed a wizard
 13003 | Gauntlet | Noticed a catoblepas
 13005 | Gauntlet | Found a transporter.
 13022 | Gauntlet | Found a transporter.
 13026 | Gauntlet | Found a transporter.
 13026 | Gauntlet | Noticed a sixfirhy
 13028 | Gauntlet | Noticed a sixfirhy
 13030 | Gauntlet | Noticed a sixfirhy
 13037 | Gauntlet | Found a transporter.
 13063 | Gauntlet | Found a transporter.
 13064 | Gauntlet | Found a transporter.
 13139 | Gauntlet | Killed an orange crystal statue
 13189 | Gauntlet | Identified the ring of Pride {Will+ Dex+6}
 13196 | Gauntlet | Identified the +9 scimitar "Jiewekor" {venom, SInv}
 13196 | Gauntlet | Noticed a minotaur
 13209 | Gauntlet | Killed a minotaur
 13210 | Gauntlet | Reached skill level 5 in Evocations
 13210 | Gauntlet | Reached XP level 12. HP: 92/104 MP: 11/15
 13282 | Gauntlet | Identified the +2 ring mail of Wrong Decisions {Dex+2}
 13507 | Lair:2   | Reached **** piety under Okawaru
 13788 | Lair:2   | Identified the amulet "Gepiysyi" {Spirit rPois rF+ Will+
                  | Dex+4}
 13824 | Lair:2   | Noticed a four-headed hydra
 13831 | Lair:2   | Killed a four-headed hydra
 13909 | Lair:2   | Found a hole to the Spider Nest.
 13931 | Lair:2   | Received a gift from Okawaru
 15336 | Lair:3   | Reached ***** piety under Okawaru
 15363 | Lair:3   | Noticed an eight-headed hydra
 15379 | Lair:3   | Killed an eight-headed hydra
 15431 | Lair:3   | Noticed an anaconda
 15452 | Lair:3   | Killed an anaconda
 15461 | Lair:3   | Noticed an anaconda
 15471 | Lair:3   | Killed an anaconda
 15758 | Lair:3   | Noticed a dire elephant
 15773 | Lair:3   | Killed a dire elephant
 15774 | Lair:3   | Reached XP level 13. HP: 87/111 MP: 7/17
 16093 | Lair:4   | Received a gift from Okawaru
 16483 | Lair:4   | Reached skill level 10 in Shields
 16573 | Lair:4   | Reached skill level 10 in Fighting
 16573 | Lair:4   | Reached skill level 10 in Armour
 17325 | Lair:5   | Entered Level 5 of the Lair of Beasts
 17451 | Lair:5   | Received a gift from Okawaru
 17582 | Lair:5   | Reached ****** piety under Okawaru
 17585 | Lair:5   | Identified the +0 hat "Cafi" {rElec} (Okawaru gifted it to
                  | you on level 5 of the Lair of Beasts)
 17585 | Lair:5   | Received a gift from Okawaru
 17714 | Lair:5   | Found a large runed translucent door.
 17714 | Lair:5   | Found a large runed translucent door.
 18065 | Lair:5   | Noticed a fire dragon
 18335 | Lair:5   | Killed a fire dragon
 18685 | Lair:5   | Found a staircase to the Slime Pits.
 18725 | Lair:5   | Reached XP level 14. HP: 108/124 MP: 17/20
 18902 | Lair:5   | Received a gift from Okawaru
 19217 | Lair:5   | Identified the +1 plate armour of the Other Side {Harm
                  | Drain rN+++ MP+9}
 20150 | D:11     | Found Sudpuatz's Superlative Supplies.
 20161 | D:11     | Bought a +4 ring of slaying for 858 gold pieces
 20177 | D:11     | Identified the +1 rapier of the Teaching Gods {vorpal,
                  | Str+2}
 20450 | D:11     | Identified the ring "Idiatolu" {Ice rN+ Str+3 Stlth+}
 21169 | D:12     | Noticed Sonja
 21185 | D:12     | Killed Sonja
 21256 | D:12     | Reached skill level 10 in Invocations
 21418 | D:12     | Found a staircase to the Orcish Mines.
 21828 | D:12     | Noticed Snorg
 21841 | D:12     | Killed Snorg
 21849 | D:12     | Received a gift from Okawaru
 22120 | D:12     | Found a portal to a secret trove of treasure.
 22328 | Orc:1    | Entered Level 1 of the Orcish Mines
 22462 | Arena    | Entered the Arena
 23170 | Orc:2    | Entered Level 2 of the Orcish Mines
 23403 | Orc:2    | Noticed an orc warlord
 23404 | Orc:2    | Found Ashruon's Antique Weapon Shoppe.
 23430 | Orc:2    | Killed an orc warlord
 23581 | Orc:2    | Reached skill level 10 in Throwing
 23594 | Orc:2    | Found Foklish's General Store.
 23725 | Orc:2    | Found Elilom's Antique Armour Shoppe.
 24106 | Orc:2    | Found Jemiton's Distillery.
 24108 | Orc:2    | Found a staircase to the Elven Halls.
 24114 | Orc:2    | Bought a potion of heal wounds for 60 gold pieces
 24114 | Orc:2    | Bought 2 potions of haste for 240 gold pieces
 24114 | Orc:2    | Bought a potion of might for 48 gold pieces
 24114 | Orc:2    | Bought a potion of might for 48 gold pieces
 24264 | Orc:2    | Found Uneps's Book Shoppe.
 24517 | Spider:1 | Entered Level 1 of the Spider Nest
 24630 | Lair:2   | Reached XP level 15. HP: 86/135 MP: 13/22
 24996 | Spider:1 | Received a gift from Okawaru
 25406 | Spider:1 | Received a gift from Okawaru
 25433 | Spider:2 | Noticed Frances
 25439 | Arena    | Entered the Arena
 25448 | Arena    | Killed Frances
 25805 | Spider:3 | Noticed Ikly's ghost (journeyman GrFi)
 25806 | Spider:3 | Found a transporter.
 25813 | Spider:3 | Noticed an emperor scorpion
 25831 | Spider:3 | Killed an emperor scorpion
 26077 | Spider:4 | Entered Level 4 of the Spider Nest
 26748 | Spider:4 | Noticed Louise
 26762 | Abyss:2  | Cast into level 2 of the Abyss (Louise)
 26804 | Abyss:2  | Found a broken altar of Ashenzari.
 26823 | Abyss:2  | Found a broken altar of Ashenzari.
 26823 | Abyss:2  | Found a broken altar of Ashenzari.
 26848 | Abyss:3  | Found a corrupted altar of Lugonu.
 26864 | Abyss:3  | Received a gift from Okawaru
 26936 | Arena    | Entered the Arena
 26949 | Abyss:3  | Found a corrupted altar of Lugonu.
 27036 | Abyss:4  | Noticed a tentacled starspawn
 27044 | Abyss:4  | Killed a tentacled starspawn
 27065 | Spider:4 | Escaped the Abyss
 27255 | Spider:4 | Noticed Mlioglotl
 27271 | Spider:4 | Killed Mlioglotl
 27285 | Spider:4 | Killed Louise
 28187 | Spider:4 | Noticed an emperor scorpion
 28202 | Spider:4 | Killed an emperor scorpion
 28208 | Spider:4 | Reached XP level 16. HP: 138/147 MP: 0/24
 28371 | Spider:4 | Got a gossamer rune of Zot
 28540 | Shoals:1 | Entered Level 1 of the Shoals
 28631 | Shoals:2 | Reached skill level 15 in Fighting
 28723 | Shoals:4 | Entered Level 4 of the Shoals
 28723 | Shoals:4 | Noticed Kirke
 28763 | Shoals:3 | Identified the +3 pair of boots "Heyl" {+Inv rCorr Str-2
                  | Int+7 Slay-5} (Okawaru gifted it to you on level 3 of the
                  | Shoals)
 28763 | Shoals:3 | Received a gift from Okawaru
 28784 | Shoals:3 | Killed Kirke
 30452 | Shoals:4 | Reached skill level 15 in Shields
 31096 | Arena    | Entered the Arena
 31137 | Shoals:4 | Got a barnacled rune of Zot
 31465 | D:13     | Received a gift from Okawaru
 31772 | D:13     | Found Vorett's Assorted Antiques.
 31777 | D:13     | Bought a potion of curing for 63 gold pieces
 31839 | D:13     | Received a gift from Okawaru
 31869 | D:13     | Found a gate to the Vaults.
 32245 | D:13     | Found the amulet of the Air {Inacc Air Fly rElec RMsl}
 32290 | D:14     | Received a gift from Okawaru
 32295 | Arena    | Entered the Arena
 32343 | D:14     | Reached XP level 17. HP: 96/156 MP: 15/25
 32505 | D:15     | Entered Level 15 of the Dungeon
 32580 | D:15     | Noticed Nessos
 32588 | D:15     | Killed Nessos
 32869 | D:15     | Received a gift from Okawaru
 32981 | D:15     | Found a staircase to the Depths.
 33200 | D:15     | Received a gift from Okawaru
 33218 | D:15     | Reached skill level 15 in Armour
 33530 | Depths:1 | Entered Level 1 of the Depths
 33799 | Depths:1 | Found a gateway to Hell.
 34439 | Slime:1  | Entered Level 1 of the Pits of Slime
 34439 | Slime:1  | Noticed an acid blob
 34441 | Slime:1  | Noticed an acid blob
 34454 | Slime:1  | Killed an acid blob
 34942 | Lair:5   | Killed an acid blob
 35230 | Slime:1  | Received a gift from Okawaru
 35698 | Slime:3  | Received a gift from Okawaru
 35773 | Slime:5  | Entered Level 5 of the Pits of Slime
 35787 | Slime:5  | Noticed an acid blob
 35880 | Slime:4  | Killed an acid blob
 36089 | Slime:4  | Gained mutation: Your spells are a little easier to cast,
                  | but a little less powerful. [a shining eye]
 36257 | Slime:5  | Noticed an acid blob
 36263 | Slime:5  | Noticed an acid blob
 36444 | Slime:5  | Killed an acid blob
 36444 | Slime:5  | Identified the +1 robe "Itsoegin" {rPois rN+} (Okawaru
                  | gifted it to you on level 5 of the Pits of Slime)
 36444 | Slime:5  | Received a gift from Okawaru
 36517 | Slime:5  | Killed an acid blob
 36695 | Slime:5  | Noticed an acid blob
 36709 | Slime:5  | Killed an acid blob
 36712 | Slime:5  | Noticed an acid blob
 36715 | Slime:5  | Noticed an acid blob
 36924 | Slime:5  | Reached XP level 18. HP: 144/163 MP: 24/27
 37121 | Slime:4  | Gained mutation: You occasionally lose the ability to drink
                  | potions when taking damage. [a shining eye]
 37569 | Slime:5  | Found a viscous altar of Jiyva.
 37571 | Slime:5  | Noticed the Royal Jelly
 37596 | Slime:5  | Killed the Royal Jelly
 38024 | Slime:5  | Gained mutation: Your body sometimes deteriorates upon
                  | taking damage. [a shining eye]
 38029 | Slime:5  | Gained mutation: You sometimes lose the ability to drink
                  | potions when taking damage. [a shining eye]
 38201 | Slime:5  | Identified the +9 war axe "Lotsu Dets" {drain, Will++}
 38212 | Slime:5  | Identified the +5 morningstar of the Onslaught {flame, rF+
                  | rCorr}
 38219 | Slime:5  | Identified the ring "Rafy" {rN+ Will+ EV+4}
 38242 | Slime:5  | Identified the amulet of Doors {Spirit Rampage rC+ rCorr}
 38244 | Slime:5  | Got a slimy rune of Zot
 38801 | Arena    | Entered the Arena
 38849 | Depths:1 | Received a gift from Okawaru
 38873 | Depths:1 | Noticed the Enchantress
 38909 | Depths:1 | Killed the Enchantress
 38909 | Depths:1 | Received a gift from Okawaru
 39591 | Depths:2 | Found a snail-covered altar of Cheibriados.
 39785 | Depths:2 | Lost mutation: Your body sometimes deteriorates upon taking
                  | damage. [potion of mutation]
 39785 | Depths:2 | Lost mutation: You sometimes lose the ability to drink
                  | potions when taking damage. [potion of mutation]
 39785 | Depths:2 | Lost mutation: Your spells are a little easier to cast, but
                  | a little less powerful. [potion of mutation]
 39785 | Depths:2 | Gained mutation: You have a pair of large horns on your
                  | head. [potion of mutation]
 39785 | Depths:2 | Gained mutation: Your natural rate of healing is unusually
                  | fast. [potion of mutation]
 39786 | Depths:2 | Lost mutation: Your natural rate of healing is unusually
                  | fast. [potion of mutation]
 39786 | Depths:2 | Lost mutation: You occasionally lose the ability to drink
                  | potions when taking damage. [potion of mutation]
 39786 | Depths:2 | Lost mutation: You have a pair of large horns on your head.
                  | [potion of mutation]
 39786 | Depths:2 | Gained mutation: Your spells are a little harder to cast,
                  | but a little more powerful. [potion of mutation]
 39786 | Depths:2 | Gained mutation: Your mind is acute. (Int +4, Str/Dex -1)
                  | [potion of mutation]
 39786 | Depths:2 | Gained mutation: You possess an exceptional clarity of
                  | mind. [potion of mutation]
 40110 | Depths:3 | Noticed a walking earthen tome
 40115 | Depths:3 | Killed a walking earthen tome
 40133 | Depths:4 | Entered Level 4 of the Depths
 40145 | Depths:4 | Found a one-way gateway to a ziggurat.
 40176 | Depths:4 | Noticed a walking earthen tome
 40407 | Depths:4 | Killed a walking earthen tome
 40695 | Depths:4 | Reached XP level 19. HP: 133/170 MP: 18/28
 40700 | Depths:4 | Noticed a bone dragon
 40714 | Depths:4 | Identified the +1 hat "Coleesitz" {rN+} (Okawaru gifted it
                  | to you on level 4 of the Depths)
 40714 | Depths:4 | Received a gift from Okawaru
 40715 | Depths:4 | Killed a bone dragon
 40716 | Depths:4 | Reached skill level 15 in Throwing
 40717 | Arena    | Entered the Arena
 41378 | Depths:4 | Noticed a golden dragon
 41381 | Depths:4 | Found a gate to the Realm of Zot.
 41389 | Depths:4 | Killed a golden dragon
 41566 | Zot:1    | Entered Level 1 of the Realm of Zot
 42517 | Zot:1    | Noticed an electric golem
 42547 | Zot:1    | Killed an electric golem
 43041 | Zot:2    | Noticed a golden dragon
 43063 | Zot:2    | Noticed a Killer Klown
 43092 | Zot:2    | Killed a Killer Klown
 43109 | Zot:2    | Found a shimmering altar of Xom.
 43110 | Zot:2    | Found a shimmering altar of Xom.
 43110 | Zot:2    | Found a shimmering altar of Xom.
 43110 | Zot:2    | Found a shimmering altar of Xom.
 43110 | Zot:2    | Found a shimmering altar of Xom.
 43110 | Zot:2    | Noticed a Killer Klown
 43134 | Zot:2    | Killed a Killer Klown
 43369 | Zot:2    | Received a gift from Okawaru
 43623 | Zot:2    | Found a shimmering altar of Xom.
 43809 | Zot:2    | Killed a golden dragon
 43959 | Zot:2    | Noticed a golden dragon
 43997 | Zot:2    | Killed a golden dragon
 44220 | Zot:2    | Noticed a golden dragon
 44245 | Zot:2    | Killed a golden dragon
 44501 | Zot:3    | Noticed a golden dragon
 44501 | Zot:3    | Noticed an electric golem
 45059 | Zot:2    | Noticed a curse toe
 45074 | Zot:2    | Killed a curse toe
 45087 | Zot:2    | Reached XP level 20. HP: 123/184 MP: 22/29
 45215 | Zot:2    | Received a gift from Okawaru
 46022 | Zot:2    | Found a glowing silver altar of Zin.
 46126 | Zot:3    | Received a gift from Okawaru
 46158 | Arena    | Entered the Arena
 46159 | Arena    | Killed from afar by a golden dragon

Illustrated notes

Levels and vault maps discovered:
D:1:      roderic_octagonal_star, layout_rooms
D:2:      layout_rooms, chequers_ecumenical_altar_simple
D:3:      layout_rooms, gammafunk_ghost_necromancy, portal_sewer_entry_d
D:4:      layout_loops_corners, elyvilon_altar_4, chequers_serial_rivers_marsh
D:5:      layout_loops_ring, uniq_prince_ribbit1
D:6:      layout_basic, kennysheep_mini, grunt_dithmenos_smoke,
          nemelex_spade_bored_becter, minmay_temple_entry_offerings,
          uniq_crazy_yiuf_cottage
D:7:      minmay_evil_eye, layout_basic, grunt_tough_drop, uniq_maggie
D:8:      layout_cave_pools
D:9:      layout_stronghold, david_lair_shrubbed, minivault_27,
          serial_bayou_crossing
D:10:     layout_cave_pods, okawaru_trees_1, trog_hazing_becter,
          grunt_temple_overflow_open, enter_bailey_5
D:11:     layout_roguey, nicolae_alphabet_shops,
          hangedman_abyss_or_decor_jellyfish_corner, evilmike_butchery
D:12:     layout_layer_cave, kennysheep_orc_monster_closet_entryway,
          serial_demonic, serial_demonic_a, serial_demonic_c, serial_demonic_c,
          serial_demonic_g, nicolae_trove_entry_columns, uniq_snorg, uniq_sonja
D:13:     layout_long_grid, grunt_vaults_entry_tiered, serial_shops,
          shop_fountains
D:14:     layout_rooms, portal_ice_cave_entry_dragon,
          gammafunk_ghost_wrathful_warriors
D:15:     hangedman_depths_entry_try_elsewhere_first, layout_loops_ring,
          chequers_serial_rivers_room_b, uniq_nessos
Temple:   eino_temple_water
Lair:1:   layout_small_grid
Lair:2:   layout_roguey, elwin_shoals_entry_rocks, spider_nest_entry_funnel_web,
          gauntlet_entry_generic, gammafunk_ghost_hydra_chop,
          infiniplex_staircase_pool_2, uniq_harold
Lair:3:   layout_gridlike, minivault_24, dreamdust_deal_with_the_devil,
          nicolae_lair_lakeside_cave, grunt_megastairs_3
Lair:4:   layout_cave_pods, lemuel_fruit_tree
Lair:5:   cheibrodos_lair_end_hotspot, layout_regular_city, slime_entry_1,
          minivault_19, ice2_lemuel
Shoals:1: layout_shoals, nicolae_shoals_hidden_pirate_stash
Shoals:2: layout_shoals
Shoals:3: layout_shoals
Shoals:4: shoals_end_simple, layout_shoals, nicolae_shoals_square_sea_wall,
          nicolae_shoals_water_booths, uniq_kirke
Spider:1: layout_spider_delve
Spider:2: layout_spider_delve, drop_trap, nicolae_spider_jagged_tunnels,
          uniq_frances, uniq_arachne
Spider:3: layout_spider_delve, gammafunk_ghost_arena
Spider:4: grunt_spider_rune_parallel, worms_lemuel, uniq_mlioglotl, uniq_louise
Slime:1:  layout_caves
Slime:2:  layout_caves, special_room [special_room_jelly], uniq_dissolution
Slime:3:  layout_caves
Slime:4:  layout_caves
Slime:5
Orc:1:    lemuel_ogre_cave, layout_caves
Orc:2:    grunt_orc_cross, layout_diamond_mine, basic_altar, serial_shops,
          nicolae_shop_statue_plus, minmay_orc_temple_c
Depths:1: layout_big_octagon, hell_entry, rand_demon_pan_entry_4,
          kennysheep_generic_room_13, minmay_shop_star, uniq_enchantress
Depths:2: minmay_gate_of_8, layout_cave_pools, rand_demon_pan_entry_3,
          pf_hell_entry_tar_river, abyss_entry, cheibriados_altar_1,
          grunt_ministairs_10, infiniplex_staircase_pillars_3a
Depths:3: minmay_cut_squares, layout_gridlike,
          nicolae_gozag_cash_rules_everything_around_me, grunt_hell_horde,
          abyss_entry, uniq_frederick
Depths:4: grunt_zot_entry_alcove, layout_gridville, enter_ziggurat_a,
          serial_shops, bzr_entry_road, hell_entry,
          nicolae_uskayaw_murder_on_the_dancefloor, grunt_pan_entry_in_and_out,
          infiniplex_enter_wizlab_water, evilmike_spriggan_trog_shrine
Zot:1:    nicolae_zot_stationary_front, layout_cathedral_of_symmetry,
          grunt_megastairs_5
Zot:2:    dreamdust_zin_vs_xom, layout_misc_corridors, zot_minivault_6,
          grunt_megastairs_1
Zot:3:    layout_onion_interference, evilmike_ambush
          [evilmike_ambush_outer_basic, evilmike_ambush_inner_pond],
          uniq_parghit
Arena

Skill      XL: |  1  2  3  4  5  6  7  8  9 10 11 12 13 14 15 16 17 18 19 20 |
---------------+-------------------------------------------------------------+-----
Axes           | 3 4 5 6 7 8 10 12 16 18 | 18.0
Fighting       | 4 5 6 8 9 11 13 14 15 17 19 | 19.1
Armour         | 4 5 6 8 9 10 11 14 16 19 20 | 20.0
Shields        | 4 5 6 8 9 11 13 14 15 16 18 20 | 20.0
Throwing       | 1 2 3 5 6 8 10 11 12 13 14 16 | 16.0
Invocations    | 5 7 9 11 12 13 14 | 14.0
Evocations     | 5 7 8 |  8.0

Action                   |  1- 3 |  4- 6 |  7- 9 | 10-12 | 13-15 | 16-18 | 19-21 || total
-------------------------+-------+-------+-------+-------+-------+-------+-------++-------
Melee: War axe           |    44 |    85 |   242 |   283 |    64 |       |       ||   718
       Headbutt          |     6 |    16 |    44 |    93 |   326 |   450 |   184 ||  1119
       Broad axe         |       |       |       |   144 |  1116 |  1441 |   651 ||  3352
       Morningstar       |       |       |       |    11 |    29 |     1 |       ||    41
Throw: Dart              |       |     3 |       |     7 |       |       |     5 ||    15
       Boomerang         |       |       |       |     8 |    26 |    20 |    15 ||    69
       Javelin           |       |       |       |       |     1 |     8 |    21 ||    30
       Throwing net      |       |       |       |       |       |     4 |       ||     4
Invok: Heroism           |       |       |       |     4 |    12 |    15 |     9 ||    40
       Finesse           |       |       |       |     1 |    11 |    15 |    10 ||    37
       Duel              |       |       |       |       |     3 |     3 |     2 ||     8
Evoke: Wand              |       |       |       |     7 |     4 |     9 |     1 ||    21
       Tin of tremorston |       |       |       |     2 |       |     4 |     1 ||     7
       Lightning rod     |       |       |       |     1 |     2 |       |       ||     3
  Use: Potion            |       |     2 |     4 |    10 |    12 |    16 |    10 ||    54
       Scroll            |       |     6 |       |    28 |     6 |    12 |     7 ||    59
 Stab: Paralysed         |       |       |       |       |       |     2 |       ||     2
       Invisible         |       |       |       |       |       |       |     5 ||     5
Armor: Scale mail        |    27 |    44 |       |       |       |       |       ||    71
       Plate armour      |       |       |   184 |   192 |       |       |       ||   376
       Crystal plate arm |       |       |       |    63 |   777 |  1012 |   506 ||  2358
Dodge: Dodged            |    20 |    39 |    59 |    53 |   113 |   263 |   199 ||   746
Block: Buckler           |    11 |    22 |    53 |       |       |       |       ||    86
       Tower shield      |       |       |     9 |   411 |  1239 |  1440 |   681 ||  3780
